 Dungeon Crawl Stone Soup version 0.17.1-3-g152610e (webtiles) character file.

12135 inmateoo the Basher (level 11, -2/77 HPs)
             Began as a High Elf Berserker on Feb 22, 2016.
             Was a High Priest of Trog.
             Killed from afar by an electric eel (11 damage)
             ... with a bolt of electricity
             ... on level 11 of the Dungeon.
             The game lasted 00:15:10 (9905 turns).

inmateoo the Basher (High Elf Berserker)            Turns: 9905, Time: 00:15:10

Health: -2/77      AC: 14    Str: 22 (23) XL:     11   Next: 58%
Magic:  12/12      EV: 17    Int: 11      God:    Trog [*****.]
Gold:   611        SH:  0    Dex: 18      Spells: 0 memorised, 10 levels left

rFire  . . .     SeeInvis +     t - +7 mace (crush)
rCold  + . .     Clarity  .     y - quicksilver dragon armour
rNeg   . . .     SustAt   .     (no shield)
rPois  .         Gourm    .     K - +0 helmet
rElec  .         Spirit   .     z - +1 cloak
rCorr  .         Warding  .     (no gloves)
rMut   .         Stasis   .     p - +0 pair of boots
MR     ++++.                    (no amulet)
Stlth  +.........               h - ring of see invisible
                                k - +4 ring of strength

@: lethally poisoned (-2 -> -2), exhausted, regenerating, incredibly resistant
to hostile enchantments, very unstealthy
A: yellow scales 1, agile 1, blurry vision 1, cold resistance 1, deformed body,
deterioration 1, spit poison 1
a: Spit Poison, Berserk, Trog's Hand, Brothers in Arms, Burn Spellbooks,
Renounce Religion


You were on level 11 of the Dungeon.
You worshipped Trog.
Trog was extremely pleased with you.
You were not hungry.

You visited 1 branch of the dungeon, and saw 11 of its levels.

You collected 611 gold pieces.

Inventory:

Hand Weapons
 t - a +7 mace of crushing (weapon)
 x - the +8 triple sword "Jukadgh" {freeze, rPois MR+++ Dex-4}
   (Trog gifted it to you on level 11 of the Dungeon)

   It has been specially enchanted to freeze those struck by it, causing extra
   injury to most foes and up to half again as much damage against particularly
   susceptible opponents.
   It can also slow down cold-blooded creatures.
   It affects your dexterity (-4).
   It protects you from poison.
   It affects your resistance to hostile enchantments.
 D - the +6 hand axe "Killer Bee's Regret" {flame, *Rage Dex+5}
   (You found it on level 6 of the Dungeon)

   It has been specially enchanted to burn those struck by it, causing extra
   injury to most foes and up to half again as much damage against particularly
   susceptible opponents.
   Big, fiery blades are also staple armaments of hydra-hunters.
   It affects your dexterity (+5).
   It may make you go berserk in combat.
 O - a +3 battleaxe of freezing
Armour
 p - a +0 pair of boots (worn)
 y - a quicksilver dragon armour (worn)
 z - a +1 cloak (worn)
 K - a +0 helmet (worn)
Jewellery
 h - a ring of see invisible (right hand)
 k - a +4 ring of strength (left hand)
 u - the ring "Neclant" {+Blink rPois rN++ Str-3 Dex-3}
   (You found it on level 6 of the Dungeon)

   [ring of dexterity]

   It affects your strength (-3).
   It affects your dexterity (-3).
   It protects you from poison.
   It greatly protects you from negative energy.
   It lets you blink.
Wands
 a - a wand of teleportation (3)
 A - a wand of confusion (0)
 E - a wand of frost (27)
 F - a wand of cold (0)
 I - a wand of draining (0)
Scrolls
 e - 2 scrolls of enchant weapon
 f - 3 scrolls of noise
 g - 3 scrolls of recharging
 n - 2 scrolls of teleportation
 v - 4 scrolls of blinking
 H - a scroll of enchant armour
 J - 3 scrolls of remove curse
 L - a scroll of identify
 N - a scroll of immolation {unknown}
Potions
 b - a potion of magic
 d - a potion of poison {unknown}
 l - 3 potions of agility {unknown}
 m - 2 potions of brilliance {unknown}
 o - 2 potions of might {unknown}
 q - a potion of haste
 r - 3 potions of curing
 s - a potion of heal wounds
 w - a potion of berserk rage
 M - 2 potions of cancellation {unknown}
Miscellaneous
 B - a plain deck of war {drawn: 1}
Comestibles
 c - 5 bread rations
 i - 7 meat rations
 j - 8 fruits
 C - a beef jerky


   Skills:
 + Level 8.1 Fighting
 + Level 6.3(9.0) Axes
 - Level 10.0(10.7) Maces & Flails
 + Level 6.7 Armour
 + Level 8.4 Dodging


You had 10 spell levels left.
You didn't know any spells.

Dungeon Overview and Level Annotations

Branches:
Dungeon (11/15)            Temple (0/1) D:6            Lair (0/8) D:11
    Orc: D:9-12

Altars:
Dithmenos
Nemelex Xobeh

Shops:
D:4 !

Annotations:
D:6 2 runed doors


Innate Abilities, Weirdness & Mutations

You are partially covered in yellow scales (AC +2).
You are agile. (Dex +2)
Scrolls take you a little longer to read.
Your flesh is cold resistant.
Armour fits poorly on your strangely shaped body.
Your body sometimes deteriorates upon taking damage.
You can spit weak poison.


Message History

The electric eel shoots out a bolt of lightning at you!
The bolt of electricity hits you!
The electric eel shoots out a bolt of lightning at you!
The bolt of electricity hits you!
* * * LOW HITPOINT WARNING * * *
Your body deteriorates!
You feel weakened.
Found a lumpy purple potion and 10 gold pieces.
Found a staircase to the Lair and a stone staircase leading down.
A hound comes into view.
You feel yourself speed up.
You feel sick.
The electric eel shoots out a bolt of lightning at you!
The bolt of electricity hits you!
* * * LOW HITPOINT WARNING * * *
The electric eel shoots out a bolt of lightning at you!
The bolt of electricity hits you!
* * * LOW HITPOINT WARNING * * *
The electric eel shoots out a bolt of lightning at you!
The bolt of electricity hits you!
You die...

#......
..............#
.≈≈..≈.≈≈......≈.....#
..≈..≈≈≈≈≈≈..≈≈......#
..≈≈≈≈≈≈≈;≈≈≈≈≈≈≈....#
≈.≈≈≈≈≈..≈≈≈≈≈≈;≈≈..##
$.≈≈≈..≈!..≈≈≈≈.....#
≈≈.h≈≈...≈;≈≈≈≈≈≈...#
.≈≈≈≈..>............#
..≈≈≈≈.@..≈.≈≈≈≈;;..#
.≈≈≈;.≈≈≈≈..≈≈≈≈≈≈..#
≈.≈≈≈≈≈≈≈≈;≈≈≈≈≈≈...#
.≈≈≈.≈≈≈≈≈≈≈≈.≈
≈≈.≈≈≈≈≈≈≈≈≈≈..
..≈.≈≈≈≈≈≈≈..≈.
...≈≈≈≈≈≈≈.....
...............
.....>.........


You could see a hound and 4 electric eels.

Vanquished Creatures
  Erolcha (D:8)
  A hydra (D:11)
  An unseen horror (D:10)
  3 hill giants
  A cyclops (D:11)
  An ugly thing (D:6)
  2 trolls
  A two-headed ogre (D:8)
  2 deep elf magi (D:11)
  Sigmund (D:2)
  7 yaks
  A hippogriff (D:11)
  A wolf (D:11)
  5 orc warriors
  A sky beast (D:10)
  4 ice beasts
  3 phantoms
  6 ogres
  6 centaurs
  A crocodile (D:11)
  A big kobold (D:7)
  6 giant frogs
  A wyvern zombie (D:7)
  2 scorpions
  5 killer bees (D:4)
  14 wights
  3 electric eels (D:11)
  4 crimson imps
  10 hounds
  2 quasits (D:9)
  Crazy Yiuf (D:2)
  A giant frog zombie (D:8)
  An orc priest (D:6)
  A jelly (D:5)
  3 centaur skeletons
  Jessica (D:2)
  3 iguanas
  Terence (D:1)
  8 worker ants
  4 orc wizards
  2 hound skeletons (D:4)
  12 adders
  7 gnolls
  2 shadow imps
  2 worms
  An adder skeleton (D:9)
  6 giant geckos
  23 orcs
  8 giant cockroaches
  6 hobgoblins
  6 jackals
  15 kobolds
  2 quokkas (D:3)
  7 bats
  A giant cockroach zombie (D:5)
  A giant gecko zombie (D:5)
  6 giant newts
  6 goblins
  A jackal skeleton (D:5)
  2 quokka skeletons
  9 rats
  2 fungi (D:2)
248 creatures vanquished.

Notes
Turn   | Place    | Note
--------------------------------------------------------------
     0 | D:1      | inmateoo the High Elf Berserker began the quest for the Orb.
     0 | D:1      | Reached XP level 1. HP: 16/16 MP: 2/2
   158 | D:1      | Reached XP level 2. HP: 7/21 MP: 3/3
   876 | D:2      | Noticed Terence
   891 | D:1      | Killed Terence
   891 | D:1      | Reached XP level 3. HP: 11/26 MP: 4/4
  1115 | D:2      | Reached ** piety under Trog
  1228 | D:2      | Noticed Sigmund
  1234 | D:2      | Reached skill level 1 in Maces & Flails
  1241 | D:2      | Killed Sigmund
  1241 | D:2      | Reached XP level 4. HP: 9/31 MP: 5/5
  1241 | D:2      | Reached XP level 5. HP: 10/36 MP: 6/6
  1542 | D:2      | Noticed Jessica
  1545 | D:2      | Killed Jessica
  1737 | D:2      | Noticed Crazy Yiuf
  1743 | D:2      | Killed Crazy Yiuf
  1743 | D:2      | Reached skill level 4 in Maces & Flails
  1743 | D:2      | Reached XP level 6. HP: 42/42 MP: 7/7
  1920 | D:3      | Found a sparkling altar of Nemelex Xobeh.
  2445 | D:3      | Gained mutation: Your mind is acute. (Int +2) [potion of mutation]
  2445 | D:3      | Gained mutation: Your flesh is cold resistant. [potion of mutation]
  2445 | D:3      | Lost mutation: Your mind is acute. (Int +2) [potion of mutation]
  2446 | D:3      | Gained mutation: You are partially covered in yellow scales (AC +2). [potion of mutation]
  2446 | D:3      | Gained mutation: Your body sometimes deteriorates upon taking damage. [potion of mutation]
  2446 | D:3      | Gained mutation: You can spit weak poison. [potion of mutation]
  2666 | D:4      | Found Saimm's Distillery.
  2772 | D:4      | Reached skill level 5 in Maces & Flails
  2774 | D:4      | Reached XP level 7. HP: 46/46 MP: 8/8
  2948 | D:4      | Reached skill level 6 in Maces & Flails
  2951 | D:4      | Reached *** piety under Trog
  3283 | D:5      | Entered Level 5 of the Dungeon
  3639 | D:5      | Reached skill level 7 in Maces & Flails
  3649 | D:5      | Reached XP level 8. HP: 45/52 MP: 9/9
  4235 | D:6      | Reached skill level 8 in Maces & Flails
  4277 | D:6      | Noticed a hill giant
  4284 | D:6      | Killed a hill giant
  4402 | D:6      | Found a staircase to the Ecumenical Temple.
  4454 | D:6      | Reached XP level 9. HP: 55/58 MP: 10/10
  4503 | D:6      | Found a large runed door.
  4504 | D:6      | Found a large runed door.
  4525 | D:6      | Noticed a purple ugly thing
  4534 | D:6      | Killed a purple ugly thing
  4606 | D:6      | Found a large runed door.
  4606 | D:6      | Found a large runed door.
  4689 | D:6      | Reached **** piety under Trog
  4695 | D:6      | Reached skill level 9 in Maces & Flails
  5259 | D:6      | Got an iridescent hand axe
  5260 | D:6      | Identified the +6 hand axe "Killer Bee's Regret" {flame, *Rage Dex+5} (You found it on level 6 of the Dungeon)
  5348 | D:6      | Got a transparent steel ring
  5350 | D:6      | Identified the cursed ring "Neclant" {+Blink rPois rN++ Str-3 Dex-3} (You found it on level 6 of the Dungeon)
  5399 | D:7      | Reached skill level 5 in Fighting
  5588 | D:7      | Reached skill level 5 in Dodging
  6023 | D:8      | Reached XP level 10. HP: 58/66 MP: 11/11
  6045 | D:8      | Noticed Erolcha
  6140 | D:8      | Killed Erolcha
  6246 | D:8      | Reached skill level 10 in Maces & Flails
  6713 | D:9      | Reached ***** piety under Trog
  6903 | D:9      | Reached skill level 5 in Armour
  7038 | D:9      | Reached skill level 5 in Axes
  7071 | D:9      | Found a shadowy altar of Dithmenos.
  7432 | D:10     | Entered Level 10 of the Dungeon
  8055 | D:10     | Noticed an unseen horror
  8067 | D:10     | Killed an unseen horror
  8227 | D:10     | Noticed a skeletal warrior
  8300 | D:10     | Gained mutation: Scrolls take you a little longer to read. [mutagenic meat]
  8301 | D:10     | Gained mutation: Armour fits poorly on your strangely shaped body. [mutagenic meat]
  8302 | D:10     | Gained mutation: You are agile. (Dex +2) [mutagenic meat]
  8308 | D:10     | Noticed a skeletal warrior
  8314 | D:10     | Noticed a skeletal warrior
  8552 | D:11     | Noticed a hill giant
  8559 | D:11     | Killed a hill giant
  8559 | D:11     | Reached XP level 11. HP: 75/75 MP: 12/12
  8821 | D:11     | Noticed a seven-headed hydra
  8944 | D:11     | Noticed a hill giant
  8956 | D:11     | Killed a hill giant
  9600 | D:11     | Killed a seven-headed hydra
  9715 | D:11     | Noticed a cyclops
  9735 | D:11     | Killed a cyclops
  9858 | D:11     | Received a gift from Trog
  9870 | D:11     | Got a faintly glowing triple sword {god gift}
  9871 | D:11     | Identified the +8 triple sword "Jukadgh" {freeze, rPois MR+++ Dex-4} (Trog gifted it to you on level 11 of the Dungeon)
  9904 | D:11     | Found a staircase to the Lair.
  9905 | D:11     | Killed from afar by an electric eel

Action                   |  1- 3 |  4- 6 |  7- 9 | 10-12 || total
-------------------------+-------+-------+-------+-------++-------
Melee: Hand axe          |    61 |       |       |       ||    61
       Mace              |    17 |    81 |   254 |   316 ||   668
Invok: Berserk           |     3 |     3 |     5 |     8 ||    19
       Trog's Hand       |       |       |     2 |     5 ||     7
       Burn Spellbooks   |       |       |       |     1 ||     1
Evoke: Wand              |       |       |       |    11 ||    11
       Deck              |       |       |       |     1 ||     1
  Use: Scroll            |       |    15 |     3 |     3 ||    21
       Potion            |       |     2 |       |       ||     2
 Stab: Sleeping          |     2 |       |       |       ||     2
  Eat: Chunk             |     3 |     8 |    17 |    22 ||    50
       Fruit             |       |       |       |     1 ||     1
       Royal jelly       |       |       |       |     1 ||     1
